 Dungeon Crawl Stone Soup version 0.23.0 (webtiles) character file.

Game seed: 13767092879727758049

665 Azzok the Cleaver (level 7, -1/57 HPs)
             Began as a Minotaur Fighter on Feb 12, 2019.
             Was an Initiate of Okawaru.
             Slain by an iguana (5 damage)
             ... on level 5 of the Dungeon.
             The game lasted 00:06:59 (4093 turns).

Azzok the Cleaver (Minotaur Fighter)                Turns: 4093, Time: 00:06:59

Health: -1/57      AC: 11    Str: 28    XL:     7   Next: 31%
Magic:  7/7        EV:  6    Int:  5    God:    Okawaru [......]
Gold:   186        SH:  9    Dex:  9    Spells: 6/6 levels left

rFire    + . .     SeeInvis .   a - +0 war axe
rCold    . . .     Gourm    .   c - +0 shield
rNeg     + . .     Faith    .   g - +2 chain mail {rF+}
rPois    .         Spirit   .   (helmet restricted)
rElec    .         Reflect  .   (no cloak)
rCorr    .         Harm     .   (no gloves)
MR       .....                  (no boots)
Stlth    ..........             (no amulet)
HPRegen  0.19/turn              b - ring of positive energy
MPRegen  0.10/turn              (no ring)

@: mighty, lightly drained
A: retaliatory headbutt, horns 2
a: Renounce Religion


You were on level 5 of the Dungeon.
You worshipped Okawaru.
Okawaru was noncommittal.
You were hungry.

You visited 2 branches of the dungeon, and saw 6 of its levels.
You also visited: Sewer.

You collected 186 gold pieces.

Inventory:

Hand Weapons
 a - a +0 war axe (weapon)
Armour
 c - a +0 shield (worn)
 g - a +2 chain mail of fire resistance (worn)
Jewellery
 b - a ring of positive energy (left hand)
Wands
 u - a wand of flame (21)
Scrolls
 h - 2 scrolls of noise {unknown}
 i - 8 scrolls of amnesia {unknown}
 l - 4 scrolls of identify {unknown}
 p - a scroll of fog {unknown}
 q - 2 scrolls of enchant weapon {unknown}
 r - a scroll of immolation {unknown}
 t - 2 scrolls of teleportation {unknown}
 v - a scroll of remove curse {unknown}
Potions
 d - 3 potions of might
 e - 4 potions of curing {unknown}
 j - a potion of cancellation {unknown}
 k - a potion of haste {unknown}
 m - a potion of lignification {unknown}
 n - 4 potions of heal wounds {unknown}
 o - 2 potions of magic {unknown}
Comestibles
 f - 10 rations


   Skills:
 - Level 3.6(3.2) Fighting
 + Level 9.4(8.9) Axes
 - Level 3.6(3.2) Armour
 - Level 3.6(3.2) Shields
 + Level 2.3(1.9) Invocations


You had 6 spell levels left.
You didn't know any spells.
Your spell library was empty.

Dungeon Overview and Level Annotations

Branches:
Dungeon (5/15)             Temple (1/1) D:5

Altars:
Ashenzari
Cheibriados
Dithmenos
Elyvilon
Fedhas
Gozag
Hepliaklqana
Makhleb
Okawaru
Qazlal
Ru
Trog
Uskayaw
Vehumet
Wu Jian
Xom
Yredelemnul
Zin


Innate Abilities, Weirdness & Mutations

You reflexively headbutt those who attack you in melee.
You have a pair of horns on your head.


Message History

The wight freezes you.
* * * LOW HITPOINT WARNING * * *
The iguana bites you!
* * * LOW HITPOINT WARNING * * *
Okay, then.
Drop what? 21/52 slots (_ for help) (? for menu, Esc to quit)
Okay, then.
You feel very mighty all of a sudden. You block the wight's attack.
You closely miss the wight.
The wight is moderately damaged.
The wight hits you but does no damage.
You are feeling hungry.
You slice the wight!!
You destroy the wight!
Okawaru accepts your kill.
You hit the iguana. Your headbutt misses the iguana.
The iguana is lightly wounded.
The iguana bites you.
You die...

·▒···†···▒·▒ ·▒▒·▒▒▒▒·▒·▒
····▒▒▒▒···▒▒▒▒▒▒▒▒
···················▒
⌠▒▒▒▒▒▒▒▒····▒▒▒▒▒·▒▒▒▒ ·
·▒ ▒················▒··
·······▒▒·▒▒·())▒▒▒▒·····
·▒▒▒▒▒ ····▒▒▒▒)▒▒▒······
▒▒ ▒···· ▒··@lz······
▒········▒▒▒·······
▒··?·▒▒▒▒ ······· ▒·
······· ······· ▒······
▒····· ▒▒▒▒▒


You could see an iguana and a wight.

Vanquished Creatures
  A scorpion (D:5)
  A water moccasin skeleton (D:5)
  4 wights (D:5)
  An orc priest (D:4)
  2 orc wizards (D:4)
  2 iguanas (D:4)
  A worker ant (D:4)
  A gnoll (D:1)
  2 river rats (Sewer)
  7 adders
  2 oozes
  An adder skeleton (D:4)
  2 adder zombies
  3 worms
  2 dart slugs (D:1)
  4 leopard geckos
  14 orcs
  6 giant cockroaches
  6 goblins
  5 hobgoblins
  11 jackals
  4 quokkas
  5 ball pythons
  6 bats
  6 frilled lizards
  7 kobolds
  14 rats
120 creatures vanquished.

Notes
Turn   | Place    | Note
-------+----------+-------------------------------------------
     0 | D:1      | Azzok the Minotaur Fighter began the quest for the Orb.
     0 | D:1      | Reached XP level 1. HP: 19/19 MP: 0/0
    20 | D:1      | Reached skill level 3 in Axes
    20 | D:1      | Reached XP level 2. HP: 26/26 MP: 1/1
    54 | D:1      | Reached skill level 4 in Axes
   299 | D:1      | Reached XP level 3. HP: 28/31 MP: 2/2
   678 | D:2      | Reached skill level 5 in Axes
   882 | D:2      | Found a blossoming altar of Fedhas.
  1067 | D:2      | Reached XP level 4. HP: 34/39 MP: 3/3
  1128 | D:2      | Found a glowing silver altar of Zin.
  1221 | D:2      | Found a stormy altar of Qazlal.
  1446 | D:3      | Found a glowing drain.
  1473 | Sewer    | Entered a sewer
  1528 | Sewer    | Reached skill level 6 in Axes
  1895 | D:3      | Reached XP level 5. HP: 45/45 MP: 4/4
  2215 | D:3      | Found a white marble altar of Elyvilon.
  2698 | D:4      | Reached skill level 7 in Axes
  2935 | D:4      | Reached XP level 6. HP: 36/51 MP: 5/5
  3365 | D:4      | Reached skill level 8 in Axes
  3784 | D:5      | Entered Level 5 of the Dungeon
  3834 | D:5      | Found a staircase to the Ecumenical Temple.
  3844 | Temple   | Entered the Ecumenical Temple
  3952 | Temple   | Became a worshipper of Warmaster Okawaru
  4041 | D:5      | Reached skill level 9 in Axes
  4054 | D:5      | Reached skill level 1 in Invocations
  4054 | D:5      | Reached XP level 7. HP: 57/57 MP: 5/7
  4093 | D:5      | Slain by an iguana

Skill      XL: |  1  2  3  4  5  6  7 |
---------------+----------------------+-----
Axes           | 3 4 5 6 7 9 |  9.4
Invocations    | 1 2 |  2.3
Fighting       | |  3.6
Armour         | |  3.6
Shields        | |  3.6

Action                   |  1- 3 |  4- 6 |  7- 9 || total
-------------------------+-------+-------+-------++-------
Melee: War axe           |    84 |   236 |    21 ||   341
       Headbutt          |     8 |    22 |     8 ||    38
  Use: Potion            |       |       |     1 ||     1
  Eat: Chunk             |     1 |     6 |       ||     7
       Ration            |       |     1 |       ||     1
Armor: Scale mail        |    12 |       |       ||    12
       Chain mail        |    35 |   126 |     5 ||   166
Dodge: Dodged            |    22 |    45 |     3 ||    70
Block: Shield            |    59 |   100 |    13 ||   172
